NWL (28 & UNDER)
BISMARK BORDER GUARDS @ RED DEER WRANGLERS
08/29/2023
 
TOP OF THE 1ST
Bismark Border Guards batting - Pitching for Red Deer Wranglers : RHP Ron Chapman
Pitching: RHP Ron Chapman
Batting: LHB Juan Viera 0-0: Called Strike
0-1: Ball
1-1: Ball
2-1: Ball
3-1: Ground out U3 (Groundball, 3)
Batting: RHB José Gómez 0-0: Called Strike
0-1: Called Strike
0-2: Foul Ball, location: 2F
0-2: Ball
1-2: Ground out 4-3 (Groundball, 4M)
Batting: RHB Carlos MacKinney 0-0: Called Strike
0-1: Called Strike
0-2: SINGLE (Groundball, 56D)
Batting: RHB Mike Wright 0-0: Called Strike
0-1: Foul Ball, location: 2F
0-2: Foul Ball, location: 2F
0-2: Ball
1-2: SINGLE (Line Drive, 6M)
Carlos MacKinney to second
Batting: LHB Nelson Peña 0-0: Ball
1-0: Ball
2-0: Called Strike
2-1: Called Strike
2-2: Ball
3-2: Base on Balls
Carlos MacKinney to third
Mike Wright to second
Batting: RHB Vincent Fields 0-0: Ball
1-0: Swinging Strike
1-1: Fly out, F7 (Flyball, 7D)
Top of the 1st over - 0 run(s), 2 hit(s), 0 error(s), 3 left on base; Bismark 0 - Red Deer 0
BOTTOM OF THE 1ST
Red Deer Wranglers batting - Pitching for Bismark Border Guards : LHP Martin Lowry
Pitching: LHP Martin Lowry
Batting: LHB Enrico Vargas 0-0: Swinging Strike
0-1: Called Strike
0-2: Ball
1-2: Strikes out looking
Batting: SHB José López 0-0: Called Strike
0-1: Ball
1-1: Ground out 6-3 (Groundball, 6)
Batting: RHB Ignacio Flores 0-0: Foul Ball, location: 2F
0-1: Ball
1-1: Foul Ball, location: 2F
1-2: Foul Ball, location: 2F
1-2: Ball
2-2: Ground out 5-3 (Groundball, 56S)
Bottom of the 1st over - 0 run(s), 0 hit(s), 0 error(s), 0 left on base; Bismark 0 - Red Deer 0
TOP OF THE 2ND
Bismark Border Guards batting - Pitching for Red Deer Wranglers : RHP Ron Chapman
Batting: LHB Rusty Herbert 0-0: Called Strike
0-1: Swinging Strike
0-2: Ball
1-2: Fly out, F8 (Popup, 8LS)
Batting: RHB Aaron Holt 0-0: Ball
1-0: Ball
2-0: Called Strike
2-1: Swinging Strike
2-2: Foul Ball, location: 2F
2-2: Ball
3-2: Strikes out swinging
Batting: RHB Brennan Yates 0-0: Ball
1-0: Foul Ball, location: 2F
1-1: Ball
2-1: Foul Ball, location: 2F
2-2: Strikes out swinging
Top of the 2nd over - 0 run(s), 0 hit(s), 0 error(s), 0 left on base; Bismark 0 - Red Deer 0
BOTTOM OF THE 2ND
Red Deer Wranglers batting - Pitching for Bismark Border Guards : LHP Martin Lowry
Batting: RHB Orlando Núñes 0-0: Foul Ball, location: 2F
0-1: DOUBLE (Flyball, 89D)
Batting: RHB Todd Bryant 0-0: Swinging Strike
0-1: Ball
1-1: Ball
2-1: Swinging Strike
2-2: Ball
3-2: Base on Balls
Batting: LHB Ron Mayes 0-0: Called Strike
0-1: Fly out, F7 (Flyball, 7LM)
Batting: LHB Jorge Olvera 0-0: Hit by Pitch
Orlando Núñes to third
Todd Bryant to second
Batting: RHB Oliver Harris 0-0: Ball
1-0: Foul Ball, location: 2F
1-1: Grounds into double play, 6-4-3 (Groundball, 6)
Bottom of the 2nd over - 0 run(s), 1 hit(s), 0 error(s), 2 left on base; Bismark 0 - Red Deer 0
TOP OF THE 3RD
Bismark Border Guards batting - Pitching for Red Deer Wranglers : RHP Ron Chapman
Batting: LHB Juan Viera 0-0: Ball
1-0: Ball
2-0: Foul Ball, location: 2F
2-1: DOUBLE (Flyball, 8RD)
Batting: RHB José Gómez 0-0: Foul Ball, location: 2F
0-1: Ball
1-1: Ground out 1-3 (Groundball, 15S)
Batting: RHB Carlos MacKinney 0-0: Ball
Juan Viera is caught stealing 3rd base
1-0: Foul Ball, location: 2F
1-1: Ball
2-1: Fly out, F9 (Flyball, 89XD)
Top of the 3rd over - 0 run(s), 1 hit(s), 0 error(s), 0 left on base; Bismark 0 - Red Deer 0
BOTTOM OF THE 3RD
Red Deer Wranglers batting - Pitching for Bismark Border Guards : LHP Martin Lowry
Batting: RHB John McDonald 0-0: Ball
1-0: Fly out, F9 (Flyball, 9M)
Batting: LHB Enrico Vargas 0-0: Ground out U3 (Groundball, 3L)
Batting: SHB José López 0-0: Ball
1-0: Called Strike
1-1: Ball
2-1: Fly out, F8 (Flyball, 8RS)
Bottom of the 3rd over - 0 run(s), 0 hit(s), 0 error(s), 0 left on base; Bismark 0 - Red Deer 0
TOP OF THE 4TH
Bismark Border Guards batting - Pitching for Red Deer Wranglers : RHP Ron Chapman
Batting: RHB Mike Wright 0-0: Fly out, F4 (Popup, 4)
Batting: LHB Nelson Peña 0-0: DOUBLE (Flyball, 78D)
Batting: RHB Vincent Fields 0-0: Ball
1-0: Ball
Nelson Peña is caught stealing 3rd base
2-0: Ball
3-0: Called Strike
3-1: Called Strike
3-2: Foul Ball, location: 2F
3-2: SINGLE (Groundball, 5L)
Batting: LHB Rusty Herbert 0-0: Ball
1-0: Foul Ball, location: 2F
1-1: Foul Ball, location: 2F
1-2: Foul Ball, location: 2F
1-2: Ball
2-2: Ground out 3-1 (Groundball, 34)
Top of the 4th over - 0 run(s), 2 hit(s), 0 error(s), 1 left on base; Bismark 0 - Red Deer 0
BOTTOM OF THE 4TH
Red Deer Wranglers batting - Pitching for Bismark Border Guards : LHP Martin Lowry
Batting: RHB Ignacio Flores 0-0: Called Strike
0-1: Ball
1-1: SINGLE (Groundball, 56D)
Batting: RHB Orlando Núñes 0-0: Ball
1-0: Called Strike
1-1: Called Strike
1-2: Ball
2-2: Ball
3-2: Base on Balls
Ignacio Flores to second
Batting: RHB Todd Bryant 0-0: Ball
1-0: Ball
2-0: Called Strike
2-1: Foul Ball, location: 2F
2-2: Ground out 5-3 (Groundball, 56S)
Ignacio Flores to third
Orlando Núñes to second
Batting: LHB Ron Mayes 0-0: Called Strike
0-1: SINGLE (Line Drive, 4M)
Ignacio Flores scores
Orlando Núñes to third
Runner from 3rd tries for Home, SAFE, throw made home
Ron Mayes to second
Batting: LHB Jorge Olvera 0-0: Called Strike
0-1: Foul Ball, location: 2F
0-2: Ball
1-2: Ball
2-2: Ground out 4-3 (Groundball, 4)
Ron Mayes to third
Batting: RHB Oliver Harris 0-0: Ball
1-0: Ball
2-0: SINGLE (Line Drive, 7S)
Ron Mayes scores
Batting: RHB John McDonald 0-0: Fly out, F7 (Flyball, 7M)
Bottom of the 4th over - 3 run(s), 3 hit(s), 0 error(s), 1 left on base; Bismark 0 - Red Deer 3
TOP OF THE 5TH
Bismark Border Guards batting - Pitching for Red Deer Wranglers : RHP Ron Chapman
Batting: RHB Aaron Holt 0-0: Ball
1-0: Ground out U3 (Groundball, 3)
Batting: RHB Brennan Yates 0-0: Ball
1-0: Swinging Strike
1-1: Ball
2-1: Swinging Strike
2-2: Ball
3-2: Foul Ball, location: 2F
3-2: Ground out 5-3 (Groundball, 56S)
Batting: LHB Juan Viera 0-0: Ball
1-0: Called Strike
1-1: Ball
2-1: Ground out 4-3 (Groundball, 34)
Top of the 5th over - 0 run(s), 0 hit(s), 0 error(s), 0 left on base; Bismark 0 - Red Deer 3
BOTTOM OF THE 5TH
Red Deer Wranglers batting - Pitching for Bismark Border Guards : LHP Martin Lowry
Batting: LHB Enrico Vargas 0-0: Called Strike
0-1: Swinging Strike
0-2: Ground out 5-3 (Groundball, 15S)
Batting: SHB José López 0-0: Swinging Strike
0-1: Swinging Strike
0-2: Ground out 6-3 (Groundball, 6)
Batting: RHB Ignacio Flores 0-0: Ball
1-0: SINGLE (Groundball, 4D)
Batting: RHB Orlando Núñes 0-0: Swinging Strike
0-1: Ball
1-1: Ball
2-1: Foul Ball, location: 2F
2-2: Ball
3-2: SINGLE (Line Drive, 8RS)
Ignacio Flores to second
Ignacio Flores to third
Batting: RHB Todd Bryant 0-0: Ball
1-0: Ground out 4-3 (Groundball, 4)
Bottom of the 5th over - 0 run(s), 2 hit(s), 0 error(s), 2 left on base; Bismark 0 - Red Deer 3
TOP OF THE 6TH
Bismark Border Guards batting - Pitching for Red Deer Wranglers : RHP Ron Chapman
Batting: RHB José Gómez 0-0: Ball
1-0: Ball
2-0: Ball
3-0: Called Strike
3-1: Fly out, F4 (Popup, 4)
Batting: RHB Carlos MacKinney 0-0: Called Strike
0-1: Foul Ball, location: 2F
0-2: Ball
1-2: Fly out, F3 (Popup, 3)
Batting: RHB Mike Wright 0-0: Foul Ball, location: 2F
0-1: Ball
1-1: Foul Ball, location: 2F
1-2: Strikes out swinging
Top of the 6th over - 0 run(s), 0 hit(s), 0 error(s), 0 left on base; Bismark 0 - Red Deer 3
BOTTOM OF THE 6TH
Red Deer Wranglers batting - Pitching for Bismark Border Guards : LHP Martin Lowry
Batting: LHB Ron Mayes 0-0: Swinging Strike
0-1: SOLO HOME RUN (Flyball, 9D), Distance : 363 ft
Batting: LHB Jorge Olvera 0-0: Called Strike
0-1: Called Strike
0-2: Ball
1-2: Foul Ball, location: 2F
1-2: Strikes out looking
Batting: RHB Oliver Harris 0-0: Ball
1-0: Called Strike
1-1: Ball
2-1: Ground out 1-3 (Groundball, 23)
Batting: RHB John McDonald 0-0: Ground out 6-3 (Groundball, 6)
Bottom of the 6th over - 1 run(s), 1 hit(s), 0 error(s), 0 left on base; Bismark 0 - Red Deer 4
TOP OF THE 7TH
Bismark Border Guards batting - Pitching for Red Deer Wranglers : RHP Ron Chapman
Pitching: RHP Ray Kimball
Batting: LHB Nelson Peña 0-0: Called Strike
0-1: Ball
1-1: Foul Ball, location: 2F
1-2: Foul Ball, location: 2F
1-2: Strikes out looking
Batting: RHB Vincent Fields 0-0: Ball
1-0: SINGLE (Line Drive, 89S)
Batting: LHB Rusty Herbert 0-0: Ball
Vincent Fields steals 2nd base
1-0: Foul Ball, location: 2F
1-1: Ball
2-1: Ball
3-1: Foul Ball, location: 2F
3-2: Foul Ball, location: 2F
3-2: Foul Ball, location: 2F
3-2: Base on Balls
Batting: RHB Aaron Holt 0-0: Hit by Pitch
Vincent Fields to third
Rusty Herbert to second
Batting: RHB Brennan Yates 0-0: Ball
1-0: Fly out, F8 (Flyball, 8LM)
Batting: LHB Juan Viera 0-0: Called Strike
0-1: Called Strike
0-2: Ball
1-2: Fly out, F8 (Line Drive, 8LM)
Top of the 7th over - 0 run(s), 1 hit(s), 0 error(s), 3 left on base; Bismark 0 - Red Deer 4
BOTTOM OF THE 7TH
Red Deer Wranglers batting - Pitching for Bismark Border Guards : LHP Martin Lowry
Batting: LHB Enrico Vargas 0-0: Ball
1-0: Swinging Strike
1-1: Ball
2-1: Swinging Strike
2-2: Fly out, F4 (Popup, 34)
Batting: SHB José López 0-0: Ball
1-0: Called Strike
1-1: Foul Ball, location: 2F
1-2: Strikes out swinging
Batting: RHB Ignacio Flores 0-0: SINGLE (Groundball, 4MD)
Pitching: RHP Júlio Quintana
Batting: RHB Orlando Núñes 0-0: Foul Ball, location: 2F
0-1: Called Strike
0-2: Ball
1-2: Ball
Ignacio Flores steals 2nd base
2-2: Strikes out looking
Bottom of the 7th over - 0 run(s), 1 hit(s), 0 error(s), 1 left on base; Bismark 0 - Red Deer 4
TOP OF THE 8TH
Bismark Border Guards batting - Pitching for Red Deer Wranglers : RHP Ray Kimball
Batting: RHB José Gómez 0-0: Called Strike
0-1: Foul Ball, location: 2F
0-2: Ball
1-2: Foul Ball, location: 2F
1-2: Ball
2-2: Ball
3-2: Foul Ball, location: 2F
3-2: Foul Ball, location: 2F
3-2: Foul Ball, location: 2F
3-2: Fly out, F6 (Popup, 6M)
Batting: RHB Carlos MacKinney 0-0: Ball
1-0: Swinging Strike
1-1: Ground out 5-3 (Groundball, 56)
Batting: RHB Mike Wright 0-0: Fly out, F6 (Line Drive, 6M)
Top of the 8th over - 0 run(s), 0 hit(s), 0 error(s), 0 left on base; Bismark 0 - Red Deer 4
BOTTOM OF THE 8TH
Red Deer Wranglers batting - Pitching for Bismark Border Guards : RHP Júlio Quintana
Batting: RHB Todd Bryant 0-0: Ball
1-0: Ball
2-0: Ball
3-0: Base on Balls
Batting: LHB Ron Mayes 0-0: Ball
1-0: Bunt missed!
1-1: Sac Bunt - play at first, batter OUT! 1-4
Todd Bryant to second
Batting: LHB Jorge Olvera 0-0: Ball
1-0: Called Strike
1-1: Ball
2-1: Called Strike
2-2: Ball
3-2: Base on Balls
Batting: RHB Oliver Harris 0-0: Ball
1-0: Foul Ball, location: 2F
1-1: Ball
2-1: Foul Ball, location: 2F
2-2: Ball
3-2: Foul Ball, location: 2F
3-2: Grounds into double play, 6-4-3 (Groundball, 56)
Bottom of the 8th over - 0 run(s), 0 hit(s), 0 error(s), 1 left on base; Bismark 0 - Red Deer 4
TOP OF THE 9TH
Bismark Border Guards batting - Pitching for Red Deer Wranglers : RHP Ray Kimball
Batting: LHB Nelson Peña 0-0: Foul Ball, location: 2F
0-1: Hit by Pitch
Batting: RHB Vincent Fields 0-0: Ball
1-0: Reached on error, E1 (Groundball, 13S)
Nelson Peña to second
Pitching: RHP Tatsuzo Harada
Batting: LHB Rusty Herbert 0-0: Hit by Pitch
Nelson Peña to third
Vincent Fields to second
Pinch Hitting: LHB Colin Ives 0-0: Ball
1-0: Called Strike
1-1: Swinging Strike
1-2: Strikes out looking
Pinch Hitting: LHB Tom Baker 0-0: Ball
1-0: Ball
2-0: Ball
3-0: Called Strike
3-1: SINGLE (Line Drive, 4MD)
Nelson Peña scores
Vincent Fields to third
Rusty Herbert to second
Batting: LHB Juan Viera 0-0: Fly out, F7 (Flyball, 7LM)
Runner from 3rd tags up, SCORES, throw made
Batting: RHB José Gómez 0-0: Ball
1-0: Called Strike
1-1: Ball
2-1: Swinging Strike
2-2: Strikes out swinging
Top of the 9th over - 2 run(s), 1 hit(s), 1 error(s), 2 left on base; Bismark 2 - Red Deer 4
This league is powered by Out of the Park Baseball, the baseball management simulation game for PC, Mac and Linux
Wednesday, December 2nd, 2015 - OOTP Baseball 16.8 Build 38